 Dungeon Crawl Stone Soup version 0.30-a0-1160-g6e42c06551 (webtiles) character file.

Game seed: 5753663508942104299

0 fozzywoppz the Sneak (level 1, 0/9 HPs)
             Began as a Spriggan Enchanter on Apr 25, 2023.
             Frozen to death by an endoplasm (4 damage)
             ... on level 1 of the Dungeon.
             The game lasted 00:00:47 (86 turns).

fozzywoppz the Sneak (Spriggan Enchanter)             Turns: 86, Time: 00:00:48

Health: 0/9        AC:  2    Str:  4    XL:     1   Next: 8%
Magic:  5/5        EV: 17    Int: 16    God:
Gold:   0          SH:  0    Dex: 15    Spells: 5/5 levels left

rFire   . . .        a - +1 dagger
rCold   . . .        (no shield)
rNeg    . . .        b - +0 robe
rPois   .            (helmet restricted)
rElec   .            (no cloak)
rCorr   .            (gloves unavailable)
SInv    +            (boots unavailable)
Will    .....        (no amulet)
Stlth   +++          (no ring)
HPRegen 0.21/turn    (no ring)
MPRegen 0.09/turn

%: no passive effects
@: lethally poisoned (0 -> -4), flying, very quick
A: very small, no large weapons, unfitting armour, see invisible, speed 3
a: no special abilities


You were on level 1 of the Dungeon.
You visited 1 branch of the dungeon, and saw 1 of its levels.

Inventory:

Hand Weapons
 a - a +1 dagger (weapon)
Armour
 b - a +0 robe (worn)
Potions
 c - 2 potions of invisibility


   Skills:
 + Level 1.1 Short Blades
 + Level 2.7 Dodging
 + Level 4.4 Stealth
 + Level 2.7 Spellcasting
 + Level 3.6 Hexes


You had 5 spell levels left.
You didn't know any spells.
Your spell library contained the following spells:

 Spells                   Type           Power      Damage    Failure   Level
 Confusing Touch          Hex            13%        N/A       13%         3
 Tukima's Dance           Hex            13%        N/A       13%         3
 Ensorcelled Hibernation  Hex/Ice        14%        N/A       14%         2
 Dazzling Flash           Conj/Hex       14%        N/A       28%         3


Dungeon Overview and Level Annotations

Branches:
Dungeon (1/15)

Altars:


Innate Abilities, Weirdness & Mutations

You are very small and have problems with some larger weapons.
You are too small for most types of armour.
You have supernaturally acute eyesight. (SInv)
You cover ground extremely quickly. (Speed+++)


Message History

Welcome, fozzywoppz the Spriggan Enchanter.
Are you destined to find the astounding Orb of Zot, or to die trying?
Press ? for a list of commands and other information.
Found a staircase leading out of the dungeon.
You open the door.
Found a flail and a glowing golden potion.
There is an open door here.
You see here a +0 flail.
d - a glowing golden potion You open the door.
There is an open door here.
Found a stone staircase leading down.
A goblin and an endoplasm come into view.
The goblin is wielding a +0 dagger of venom.
The goblin shouts!
You completely miss the endoplasm. The endoplasm barely misses you.
You barely miss the endoplasm. The endoplasm closely misses you.
Save game and exit?
Okay, then.
You hit the goblin.
The goblin is severely wounded.
The goblin completely misses you.
You closely miss the goblin.
The goblin is severely wounded.
The goblin hits you with a +0 dagger of venom.
You miss the goblin.
The goblin is severely wounded.
The goblin hits you with a +0 dagger of venom.
You are lethally poisoned!
You hit the goblin.
You kill the goblin!
You feel sick.
It was a potion of flight.
You feel very buoyant.
You fly up into the air.
You feel sick. The endoplasm freezes you.
You are frozen.
You die...

############# ............#
########....#
#####....#########
#>...............####
#..####.########....##
#....##.......#####..###
#.##...#### #.# ##...#
#.#......## #@# ######.#####
#.#.##....###J# #..........#
#.#.####...##.#...####'###....
#.#.# #.#.#....# ##.....## ..
#.#.# ##+#....#####.⌠...⌠.##
#.#.# #.....### ##....8....##
#.#.# #.....# ###...⌠...⌠...##
#.# #.....# #...............
#.# #.....# #.8.8.#####.8.8.


You could see an endoplasm.

Vanquished Creatures
  A goblin (D:1)
1 creature vanquished.

Notes
Turn   | Place    | Note
-------+----------+-------------------------------------------
     0 | D:1      | fozzywoppz the Spriggan Enchanter began the quest for the
                  | Orb.
     0 | D:1      | Reached XP level 1. HP: 9/9 MP: 5/5
    86 | D:1      | Frozen to death by an endoplasm

Illustrated notes

Levels and vault maps discovered:
D:1:      ncdulo_halloftheorcs, layout_basic, dreamdust_ecumenical_altar_statues

Action                     || total
---------------------------++-------
  Melee: Dagger            ||     6
    Use: Potion            ||     1
  Dodge: Dodged            ||     3

Table legend: (Time is in decaauts)
 A = Elapsed time spent in this place.
 B = Non-inter-level travel time spent in this place.
 C = Inter-level travel time spent in this place.
 D = Time resting spent in this place.
 E = Time spent auto-exploring this place.
 F = Levels seen in this place.
 G = Mean time per level.
                   A        B        C        D        E       F      G
               +--------+--------+--------+--------+--------+-----+--------+
         Total |     55 |     55 |      0 |      0 |     31 |   1 |   55.0 |
       Dungeon |     55 |     55 |      0 |      0 |     31 |   1 |   55.0 |
               +--------+--------+--------+--------+--------+-----+--------+

Top non-repeatable levels by time:
     D:1: 55 daAuts
